 Dungeon Crawl Stone Soup version 0.29.0-4-gdea44cf6ec (webtiles) character file.

Game seed: 17394719517489657658

18 qw the Chopper (level 2, -1/17 HPs)
             Began as a Tengu Warper on Aug 28, 2022.
             Slain by a kobold
             ... wielding a +2 short sword of protection
              (2 damage)
             ... on level 1 of the Dungeon.
             The game lasted 00:00:03 (752 turns).

qw the Chopper (Tengu Warper)                        Turns: 752, Time: 00:00:03

Health: -1/17      AC:  3    Str: 11    XL:     2   Next: 70%
Magic:  6/6        EV: 11    Int: 13    God:
Gold:   19         SH:  0    Dex: 13    Spells: 5/5 levels left

rFire   . . .      SeeInvis .   a - +0 hand axe
rCold   . . .      Faith    .   (no shield)
rNeg    . . .      Spirit   .   b - +0 leather armour
rPois   .          Reflect  .   (helmet restricted)
rElec   .          Harm     .   (no cloak)
rCorr   .          Rampage  .   (no gloves)
Will    .....                   (boots unavailable)
Stlth   +.........              (no amulet)
HPRegen 0.05/turn               (no ring)
MPRegen 0.10/turn               (no ring)

@: no status effects
A: beak, talons 3
a: no special abilities


You were on level 1 of the Dungeon.
You visited 1 branch of the dungeon, and saw 1 of its levels.

You collected 19 gold pieces.


Innate Abilities, Weirdness & Mutations

You have a beak for a mouth.
You have claws for feet.


   Skills:
 - Level 2.0 Fighting
 + Level 3.5 Axes
 - Level 1.0 Throwing
 - Level 1.1 Armour
 - Level 2.1 Dodging
 - Level 2.0 Spellcasting
 - Level 2.4 Translocations


You had 5 spell levels left.
You didn't know any spells.
Your spell library contained the following spells:

 Spells                   Type           Power      Damage    Failure   Level
 Blink                    Tloc           14%        N/A       19%         2
 Gell's Gravitas          Tloc           7%         N/A       36%         3
 Lesser Beckoning         Tloc           7%         N/A       36%         3
 Teleport Other           Tloc           7%         N/A       36%         3
 Manifold Assault         Tloc           7%         N/A       98%         5

Inventory:

Hand Weapons
 a - a +0 hand axe (weapon)
 g - a +0 whip
Armour
 b - a +0 leather armour (worn)
 e - a +0 scale mail
Scrolls
 c - a scroll of blinking
 d - a scroll of silence {unknown}
Potions
 f - 2 potions of haste {unknown}

Dungeon Overview and Level Annotations

Branches:
Dungeon (1/15)

Altars:


Message History

The kobold shouts!
A kobold comes into view.
It is wielding a +2 short sword of protection.
A kobold comes into view. It is wielding a +0 dagger.
741 ||| Stepping ~*~*~tactically~*~*~ (stealth).
The kobold shouts!
You hear a shout!
You hear an angry hiss.
A kobold comes into view. It is wielding a +0 dagger.
A kobold comes into view. It is wielding a +0 dagger.
You closely miss the kobold.
The kobold shouts! x2
Your kick misses the kobold. The kobold completely misses you.
You hit the kobold but do no damage. Your kick misses the kobold.
The kobold hits you with a +0 club.
You hit the kobold.
You kill the kobold!
You hit the kobold but do no damage.
The kobold hits you with a +2 short sword of protection.
You hit the kobold but do no damage. Your kick misses the kobold.
You hit the kobold but do no damage. The kobold closely misses you.
You closely miss the kobold. x2
The kobold hits you with a +2 short sword of protection.
The kobold hits you with a +0 dagger. The kobold barely misses you.
The kobold hits you with a +0 dagger. x2
The kobold hits something but does no damage.
You hit the kobold.
You kill the kobold!
You hit the kobold but do no damage. You hit the kobold.
The kobold hits you but does no damage. The kobold hits you with a +0 dagger.
You barely miss the kobold.
The kobold is moderately wounded.
You closely miss the kobold. You hit the kobold but do no damage.
The kobold barely misses you. The kobold hits you with a +0 dagger.
The kobold barely misses you.
You hit the kobold.
You kill the kobold!
You barely miss the kobold. x2
A rat comes into view.
The kobold hits you with a +2 short sword of protection.
You die...

#.######
#.##...# ยค..r
#.##.### .....
#......# %...
#.%#.### %..
#..#.# P.#
#..#.# ##.#
#.## #..#.#
#KK# #...
#..#.# #@)#
#.## #..#.#
#..# #. #..#.#
#..# ## #..#.#
#..# #..#.#
#..# #..#.#
#..# ##..#%#
#..# #.....#
#..#
##.#########>.#


You could see 2 kobolds and a rat (wandering).

Vanquished Creatures
  2 endoplasms (D:1)
  A giant cockroach (D:1)
  2 hobgoblins (D:1)
  4 jackals (D:1)
  A quokka (D:1)
  A ball python (D:1)
  2 frilled lizards (D:1)
  4 kobolds (D:1)
  A rat (D:1)
18 creatures vanquished.

Vanquished Creatures (others)
  2 plants (D:1)
2 creatures vanquished.

Grand Total: 20 creatures vanquished

Notes
Turn   | Place    | Note
-------+----------+-------------------------------------------
     0 | D:1      | qw the Tengu Warper began the quest for the Orb.
     0 | D:1      | Reached XP level 1. HP: 12/12 MP: 4/4
     0 | D:1      | 0 ||| qw: Version: 0.1-a-89-g26bdef1
     0 | D:1      | 0 ||| qw: Game counter: 1754
     0 | D:1      | 0 ||| qw: Always use a shield: true
     0 | D:1      | 0 ||| qw: God list: Okawaru
     0 | D:1      | 0 ||| qw: Allow faded altars: false
     0 | D:1      | 0 ||| qw: Do Orc after D:15 true
     0 | D:1      | 0 ||| qw: Do second Lair branch before Depths: true
     0 | D:1      | 0 ||| qw: Lair rune preference: random
     0 | D:1      | 0 ||| qw: Plans: Normal
     0 | D:1      | 0 ||| PLANNING D:1-11
   344 | D:1      | Reached XP level 2. HP: 17/17 MP: 6/6
   350 | D:1      | Found a faded altar of an unknown god.
   372 | D:1      | Reached skill level 3 in Axes
   741 | D:1      | 741 ||| Stepping ~*~*~tactically~*~*~ (stealth).
   750 | D:1      | HP: 4/17 [kobold/+0 dagger (3)]
   751 | D:1      | HP: 1/17 [kobold/+0 dagger (3)]
   752 | D:1      | Slain by a kobold

Levels and vault maps discovered:
D:1:      roderic_crossed_star, layout_basic, hellmonk_ecumenical_altar_blasted,
          serial_shops, nicolae_shop_stone, lexackson_kobold_supper

Skill      XL: |  1  2 |
---------------+-------+-----
Axes           | 3 |  3.5
Fighting       | |  2.0
Throwing       | |  1.0
Armour         | |  1.1
Dodging        | |  2.1
Spellcasting   | |  2.0
Translocations | |  2.4

Action                   || total
-------------------------++-------
Melee: Hand axe          ||    36
       Kick              ||     6
       Peck              ||     2
Throw: Boomerang         ||     7
Armor: Leather armour    ||     7
Dodge: Dodged            ||    17

Table legend:
 A = Non-vault XP
 B = Vault XP
 C = Vault XP percentage of total XP
 D = Non-vault monster count
 E = Vault monster count
 F = Vault count percentage of total count
                 A         B        C        D         E       F
            +---------+---------+-------+---------+---------+-------
      Total |      25 |       3 |  10.7 |      15 |       3 |  16.7
            +---------+---------+-------+---------+---------+-------
        D:1 |      25 |       3 |  10.7 |      15 |       3 |  16.7
            +---------+---------+-------+---------+---------+-------
